 Dungeon Crawl Stone Soup version 0.19.1 (webtiles) character file.

565 RaHiT the Skirmisher (level 7, -3/55 HPs)
             Began as a Mummy Artificer on Nov 26, 2016.
             Was an Initiate of Gozag.
             Slain by an ogre
             ... wielding a +0 giant club
              (13 damage)
             ... on level 4 of the Dungeon.
             The game lasted 00:26:59 (5291 turns).

RaHiT the Skirmisher (Mummy Artificer)              Turns: 5291, Time: 00:27:00

Health: -3/55      AC:  4    Str: 18    XL:     7   Next: 10%
Magic:  9/9        EV: 12    Int: 10    God:    Gozag
Gold:   478        SH:  0    Dex: 12    Spells: 0 memorised, 6 levels left

rFire  x . .     SeeInvis .     t - +1 whip (flame)
rCold  + . .     Gourm    .     j - -1 leather armour (curse)
rNeg   + + +     Faith    .     (no shield)
rPois  ∞         Spirit   .     (no helmet)
rElec  .         Reflect  .     (no cloak)
rCorr  .         Harm     .     m - +1 pair of gloves
MR     .....                    (no boots)
Stlth  +.........               i - amulet of regeneration
                                (no ring)
                                l - ring of wizardry

@: no status effects
A: no food or potions, fire vulnerability, cold resistance 1, negative energy
resistance 3, torment resistance, unbreathing
a: Potion Petition, Call Merchant, Bribe Branch, Renounce Religion


You were on level 4 of the Dungeon.
You worshipped Gozag.
Gozag was aware of your devotion.
You were not hungry.

You visited 1 branch of the dungeon, and saw 5 of its levels.

You collected 491 gold pieces.
You paid 13 gold pieces to Gozag.

Inventory:

Hand Weapons
 q - a +1 long sword
 t - a +1 whip of flaming (weapon)
 x - a +0 flail of pain
Missiles
 u - 3 tomahawks (quivered)
 v - 17 sling bullets
 y - 13 poisoned needles
Armour
 j - a cursed -1 leather armour (worn)
 k - a +0 chain mail
 m - a +1 pair of gloves (worn)
 w - a +4 chain mail
Jewellery
 i - an amulet of regeneration (around neck)
 l - a ring of wizardry (left hand)
Wands
 c - a wand of flame (12/48)
 d - a wand of enslavement (14/24)
 e - a wand of random effects (9/48)
Scrolls
 f - 2 scrolls of teleportation
 n - 2 scrolls of enchant weapon
 p - 3 scrolls of enchant armour
 s - a scroll of remove curse


   Skills:
 * Level 4.6 Fighting
   Level 0.7 Short Blades
 - Level 4.2 Armour
 - Level 2.0 Dodging
 - Level 0.7 Stealth
 - Level 3.0 Evocations


You had 6 spell levels left.
You didn't know any spells.

Dungeon Overview and Level Annotations

Branches:
Dungeon (5/15)
 Temple: D:4-7

Altars:
Ashenzari
Dithmenos
Gozag
Nemelex Xobeh
Vehumet

Shops:
D:4 (   D:5 =


Innate Abilities, Weirdness & Mutations

You do not eat or drink.
Your flesh is vulnerable to fire.
You are immune to poison.
Your flesh is cold resistant. (rC+)
You are immune to negative energy. (rN+++)
You are immune to unholy pain and torment.
You can survive without breathing.


Message History

The ogre closely misses you. The ogre hits you with a giant club!
The ogre closely misses you. The ogre barely misses you.
There is a stone staircase leading down here.
The ogre closely misses you. The ogre completely misses you.
Things that are here:
6 gold pieces; a club The ogre hits you with a giant club!!
Evoke which item? (* to show all) (? for menu, Esc to quit)
Zapping:
d - a wand of enslavement (15/24)
Press: ? - help, Shift-Dir - straight line, f/p - ogre
Aim: an ogre, wielding a giant club (fast, chance to defeat MR: 51%)
The ogre resists with significant effort.
This wand has 14 charges left.
The ogre hits you with a giant club!!
* * * LOW HITPOINT WARNING * * *
The ogre hits you with a giant club!
You die...
Your body crumbles into a pile of gold.

#..........O..##.#
..###########.##.#
..............##.#
..#...#.########.#
........>.....##.#
..#.#!.....[#.##.#
..#...........##.#
..#......8..∩..8.#
..#.###...#.####@###
.(#.........$..O...#
[.#####...######..##
..............##..#
..##########(###..#
..#.........[[....#
....##.#####.####.#
......_...)..# #.#
...###.##########.#


You could see an ogre.

Vanquished Creatures
  An ice beast (D:4)
  An ogre (D:4)
  A bullfrog (D:4)
  2 hounds (D:4)
  2 orc wizards (D:4)
  A bullfrog skeleton (D:4)
  A worker ant (D:4)
  A hound skeleton (D:5)
  4 adders
  An ooze (D:2)
  4 worms
  5 leopard geckos
  12 orcs
  A giant cockroach (D:3)
  7 goblins
  7 hobgoblins
  10 jackals
  9 kobolds
  A quokka (D:3)
  2 ball pythons
  7 bats
  4 frilled lizards
  A jackal skeleton (D:4)
  8 rats
93 creatures vanquished.

Notes
Turn   | Place    | Note
-------+----------+-------------------------------------------
     0 | D:1      | RaHiT the Mummy Artificer began the quest for the Orb.
     0 | D:1      | Reached XP level 1. HP: 15/15 MP: 2/2
   519 | D:1      | Reached XP level 2. HP: 22/22 MP: 3/3
  1417 | D:2      | Reached XP level 3. HP: 27/27 MP: 4/4
  1628 | D:2      | Found a sparkling altar of Nemelex Xobeh.
  1637 | D:2      | Found a shadowy altar of Dithmenos.
  1637 | D:2      | Found a shattered altar of Ashenzari.
  1686 | D:2      | Reached skill level 1 in Armour
  2144 | D:2      | Found an opulent altar of Gozag.
  2149 | D:2      | Became a worshipper of Gozag Ym Sagoz the Greedy
  2249 | D:2      | Reached XP level 4. HP: 30/33 MP: 6/6
  3254 | D:3      | Found a faded altar of an unknown god.
  3339 | D:4      | Reached XP level 5. HP: 30/41 MP: 7/7
  3376 | D:4      | Noticed an ogre
  3409 | D:4      | Killed an ogre
  3660 | D:4      | Found a radiant altar of Vehumet.
  3898 | D:4      | Reached XP level 6. HP: 29/48 MP: 8/8
  4209 | D:4      | Found Mibly's Antique Weapon Shop.
  4989 | D:5      | Entered Level 5 of the Dungeon
  4989 | D:5      | Found Gufeox's Jewellery Shop.
  5014 | D:5      | Noticed an ice beast
  5047 | D:4      | Killed an ice beast
  5097 | D:4      | Reached XP level 7. HP: 16/55 MP: 9/9
  5291 | D:4      | Slain by an ogre

Skill      XL: |  1  2  3  4  5  6 |
---------------+-------------------+-----
Fighting       | 2 3 4 |  4.6
Dodging        | 2 |  2.0
Armour         | 1 2 4 |  4.2
Evocations     | 3 |  3.0
Short Blades   | |  0.7
Stealth        | |  0.7

Action                   |  1- 3 |  4- 6 |  7- 9 || total
-------------------------+-------+-------+-------++-------
Melee: Short sword       |    92 |       |       ||    92
       Long sword        |    48 |    59 |       ||   107
       Whip              |       |   147 |     3 ||   150
       Flail             |       |    26 |       ||    26
Throw: Javelin           |    16 |    11 |       ||    27
       Throwing net      |     2 |     1 |       ||     3
       Tomahawk          |       |       |     1 ||     1
Evoke: Wand              |     1 |     3 |     6 ||    10
  Use: Scroll            |       |     8 |       ||     8
 Stab: Distracted        |       |     1 |       ||     1
Armor: Leather armour    |    56 |    60 |       ||   116
Dodge: Dodged            |    97 |   147 |    10 ||   254
       Rpst.: Long sword |    15 |    16 |       ||    31
